[ AOE2 MATCH · #489783141 ]
UnrankedHuns vs Khitans
Player's team · WIN
Rival team · LOSS
[ REPLAY ANALYSIS · EXTRACTED FROM THE RECORDED GAME ]
Feudal
11:29
Castle
22:35
Imperial
—
| APM avg | 79.1 |
| APM peak | 119 |
| eAPM avg | 37.5 |
| Villagers / military | 44 / 28 |
Focus
⚔️ 61.1% · 🌾 38.9%
Skirmisher ×10 · Militia ×8 · Archer ×4 · Spearman ×4 · Knight ×2
Feudal
8:58
Castle
—
Imperial
—
| APM avg | 58.2 |
| APM peak | 86 |
| eAPM avg | 28.2 |
| Villagers / military | 47 / 31 |
Focus
⚔️ 31.8% · 🌾 68.2%
Archer ×12 · Skirmisher ×11 · Scout Cavalry ×5 · Militia ×3
Match map
Initial resources + every placement click. Lines = walls · curves = elevation contours. ◆ gold · ⬟ stone · ● berries · ✦ relic · ◌ wall gap
Your base· Open — unwalled flank
OS+ | Emil :D's base· Open — unwalled flank
Smoothed initial terrain · ◌ = detected wall gap · hover for details
Inputs per minute
— TAG_Sitaux - - OS+ | Emil :D
Build order — TAG_Sitaux
142 actions detected in the replay
| 0:00 | Create | Villager (Male) |
| 0:01 | Create | Villager (Male) |
| 0:06 | Create | Villager (Male) |
| 0:06 | Create | Villager (Male) |
| 1:14 | Create | Villager (Male) |
| 1:49 | Create | Villager (Male) |
| 2:16 | Create | Villager (Male) |
| 2:23 | Create | Villager (Male) |
| 2:45 | Create | Villager (Male) |
| 3:31 | Build | Barracks |
| 3:32 | Create | Villager (Male) |
| 3:32 | Create | Villager (Male) |
| 3:37 | Create | Villager (Male) |
| 4:23 | Create | Militia |
| 4:25 | Create | Villager (Male) |
| 4:31 | Create | Militia |
| 4:40 | Create | Militia |
| 4:40 | Create | Militia |
| 4:57 | Create | Villager (Male) |
| 5:17 | Create | Villager (Male) |
| 5:29 | Create | Militia |
| 5:37 | Create | Villager (Male) |
| 5:47 | Build | Lumber Camp |
| 5:55 | Create | Militia |
| 5:59 | Create | Villager (Male) |
| 6:13 | Create | Villager (Male) |
| 6:48 | Create | Villager (Male) |
| 7:17 | Build | Mill |
| 7:18 | Create | Villager (Male) |
| 7:42 | Create | Villager (Male) |
| 7:54 | Research | Loom |
| 8:13 | Build | Farm |
| 8:22 | Create | Villager (Male) |
| 8:50 | Create | Villager (Male) |
| 8:53 | Build | Farm |
| 9:08 | Build | Palisade Wall |
| 9:12 | Build | Palisade Wall |
| 9:13 | Build | Palisade Wall |
| 9:14 | Build | Palisade Wall |
| 9:19 | Research | Feudal Age |
| 9:24 | Build | Palisade Wall |
| 9:50 | Build | Palisade Wall |
| 9:54 | Build | Palisade Wall |
| 10:04 | Build | Mining Camp |
| 10:05 | Build | Palisade Wall |
| 10:07 | Build | Palisade Wall |
| 10:12 | Build | Palisade Wall |
| 10:35 | Build | Farm |
| 10:36 | Create | Militia |
| 10:36 | Create | Militia |
| 11:11 | Create | Villager (Male) |
| 11:29 | Age | Feudal Age |
| 11:33 | Research | Man-at-Arms (upgrade) |
| 11:33 | Research | Man-at-Arms (upgrade) |
| 11:35 | Build | Archery Range |
| 11:55 | Create | Villager (Male) |
| 12:03 | Build | Palisade Wall |
| 12:25 | Create | Villager (Male) |
| 12:28 | Build | Palisade Wall |
| 12:29 | Build | Palisade Wall |
| 12:29 | Create | Archer |
| 12:30 | Build | Palisade Wall |
| 12:31 | Build | Palisade Wall |
| 12:32 | Build | Palisade Wall |
| 12:36 | Create | Villager (Male) |
| 12:43 | Create | Villager (Male) |
| 12:48 | Build | Palisade Wall |
| 12:49 | Build | Palisade Wall |
| 12:54 | Build | Palisade Wall |
| 12:55 | Build | Palisade Wall |
| 12:56 | Build | Palisade Wall |
| 12:59 | Create | Archer |
| 13:08 | Create | Villager (Male) |
| 13:18 | Build | Farm |
| 13:19 | Create | Villager (Male) |
| 13:21 | Build | Palisade Wall |
| 13:24 | Create | Archer |
| 13:42 | Research | Double-Bit Axe |
| 13:54 | Create | Villager (Male) |
| 14:00 | Build | Farm |
| 14:10 | Create | Archer |
| 14:14 | Create | Villager (Male) |
| 14:15 | Build | Blacksmith |
| 14:17 | Build | Farm |
| 14:26 | Create | Villager (Male) |
| 14:31 | Build | Farm |
| 14:36 | Create | Skirmisher |
| 14:46 | Build | Farm |
| 14:56 | Research | Fletching |
| 14:57 | Research | Fletching |
| 15:03 | Build | Farm |
| 15:14 | Build | Farm |
| 15:26 | Create | Villager (Male) |
| 15:27 | Create | Skirmisher |
| 15:43 | Create | Skirmisher |
| 15:48 | Build | Farm |
| 16:04 | Build | Farm |
| 16:07 | Create | Skirmisher |
| 16:09 | Create | Villager (Male) |
| 16:30 | Build | Farm |
| 16:31 | Build | Farm |
| 16:34 | Create | Villager (Male) |
| 16:37 | Research | Padded Archer Armor |
| 16:38 | Research | Horse Collar |
| 16:43 | Create | Skirmisher |
| 16:59 | Create | Villager (Male) |
| 17:03 | Build | Palisade Wall |
| 17:07 | Build | Farm |
| 17:14 | Build | Farm |
| 17:20 | Create | Skirmisher |
| 17:24 | Create | Skirmisher |
| 17:31 | Create | Villager (Male) |
| 17:41 | Create | Villager (Male) |
| 17:44 | Create | Skirmisher |
| 17:48 | Build | Palisade Wall |
| 17:53 | Create | Skirmisher |
| 18:20 | Create | Villager (Male) |
| 18:27 | Create | Skirmisher |
| 18:29 | Build | Farm |
| 18:43 | Build | Market |
| 18:53 | Create | Villager (Male) |
| 19:13 | Build | Farm |
| 19:15 | Build | Farm |
| 19:23 | Create | Spearman |
| 19:26 | Create | Villager (Male) |
| 19:46 | Build | Lumber Camp |
| 19:55 | Research | Castle Age |
| 20:12 | Build | Palisade Wall |
| 20:26 | Research | Gold Mining |
| 20:26 | Research | Gold Mining |
| 20:38 | Create | Spearman |
| 20:56 | Build | Stable |
| 20:57 | Create | Spearman |
| 21:14 | Research | Scale Barding Armor |
| 21:18 | Create | Villager (Male) |
| 21:38 | Build | Stable |
| 21:40 | Research | Bloodlines |
| 21:44 | Create | Spearman |
| 22:35 | Age | Castle Age |
| 22:36 | Create | Knight |
| 22:37 | Create | Knight |
| 22:38 | Create | Villager (Male) |
Build order — OS+ | Emil :D
138 actions detected in the replay
| 0:00 | Create | Villager (Male) |
| 0:01 | Create | Villager (Male) |
| 0:02 | Build | House |
| 0:03 | Build | House |
| 0:10 | Create | Villager (Male) |
| 0:10 | Create | Villager (Male) |
| 1:30 | Create | Villager (Male) |
| 1:45 | Build | Lumber Camp |
| 1:55 | Create | Villager (Male) |
| 2:22 | Create | Villager (Male) |
| 2:38 | Create | Villager (Male) |
| 2:59 | Create | Villager (Male) |
| 3:38 | Create | Villager (Male) |
| 3:49 | Create | Villager (Male) |
| 3:49 | Create | Villager (Male) |
| 4:01 | Build | House |
| 4:31 | Create | Villager (Male) |
| 4:31 | Create | Villager (Male) |
| 4:50 | Build | Barracks |
| 5:17 | Build | House |
| 5:47 | Create | Villager (Male) |
| 6:08 | Research | Loom |
| 6:48 | Research | Feudal Age |
| 6:49 | Build | House |
| 6:51 | Build | Palisade Wall |
| 6:53 | Build | Palisade Gate |
| 7:19 | Create | Militia |
| 7:21 | Build | Mill |
| 7:54 | Create | Militia |
| 8:10 | Create | Militia |
| 8:24 | Build | Palisade Wall |
| 8:25 | Build | Palisade Gate |
| 8:42 | Build | House |
| 8:55 | Build | Palisade Wall |
| 8:56 | Build | Palisade Wall |
| 8:57 | Build | House |
| 8:57 | Create | Villager (Male) |
| 8:58 | Age | Feudal Age |
| 9:13 | Build | Palisade Wall |
| 9:15 | Build | Palisade Wall |
| 9:19 | Research | Man-at-Arms (upgrade) |
| 9:47 | Create | Villager (Male) |
| 9:56 | Create | Villager (Male) |
| 9:59 | Build | Palisade Wall |
| 10:01 | Build | Outpost |
| 10:19 | Create | Villager (Male) |
| 10:25 | Build | Archery Range |
| 10:39 | Build | Palisade Gate |
| 10:49 | Build | House |
| 10:57 | Create | Villager (Male) |
| 11:10 | Create | Skirmisher |
| 11:28 | Create | Villager (Male) |
| 11:34 | Build | Palisade Wall |
| 11:36 | Build | House |
| 11:48 | Create | Skirmisher |
| 11:59 | Build | Mining Camp |
| 12:39 | Build | Pasture |
| 12:44 | Build | Pasture |
| 12:49 | Build | Palisade Wall |
| 13:07 | Build | House |
| 13:25 | Create | Villager (Male) |
| 13:27 | Create | Archer |
| 13:30 | Build | Pasture |
| 13:46 | Build | Palisade Gate |
| 13:57 | Build | House |
| 14:05 | Create | Villager (Male) |
| 14:07 | Build | Pasture |
| 14:21 | Build | Palisade Wall |
| 14:29 | Create | Archer |
| 14:30 | Create | Villager (Male) |
| 14:34 | Build | Pasture |
| 14:44 | Create | Villager (Male) |
| 14:44 | Create | Villager (Male) |
| 14:59 | Build | House |
| 15:00 | Build | Palisade Wall |
| 15:03 | Create | Archer |
| 15:04 | Create | Villager (Male) |
| 15:24 | Create | Archer |
| 15:24 | Create | Villager (Male) |
| 15:27 | Build | Blacksmith |
| 15:55 | Build | House |
| 16:04 | Research | Fletching |
| 16:04 | Create | Villager (Male) |
| 16:09 | Build | Pasture |
| 16:19 | Build | House |
| 16:23 | Create | Villager (Male) |
| 16:36 | Create | Archer |
| 16:38 | Create | Villager (Male) |
| 16:49 | Research | Double-Bit Axe |
| 16:50 | Create | Archer |
| 16:51 | Create | Archer |
| 16:58 | Create | Villager (Male) |
| 17:05 | Build | House |
| 17:20 | Create | Villager (Male) |
| 17:20 | Create | Archer |
| 17:24 | Create | Skirmisher |
| 17:31 | Build | House |
| 17:34 | Create | Villager (Male) |
| 18:16 | Create | Villager (Male) |
| 18:19 | Create | Skirmisher |
| 18:19 | Create | Skirmisher |
| 18:20 | Build | Pasture |
| 18:37 | Create | Villager (Male) |
| 18:39 | Create | Archer |
| 19:02 | Create | Villager (Male) |
| 19:20 | Create | Skirmisher |
| 19:21 | Create | Villager (Male) |
| 19:24 | Build | Stable |
| 19:28 | Create | Skirmisher |
| 19:47 | Create | Skirmisher |
| 19:49 | Create | Villager (Male) |
| 19:51 | Build | Palisade Wall |
| 19:57 | Create | Scout Cavalry |
| 19:58 | Create | Scout Cavalry |
| 19:59 | Build | Mill |
| 20:01 | Create | Villager (Male) |
| 20:21 | Build | Pasture |
| 20:26 | Create | Scout Cavalry |
| 20:28 | Create | Skirmisher |
| 20:29 | Create | Villager (Male) |
| 20:41 | Research | Forging |
| 20:41 | Research | Forging |
| 20:41 | Create | Skirmisher |
| 20:42 | Create | Skirmisher |
| 20:46 | Create | Archer |
| 20:46 | Create | Archer |
| 20:46 | Create | Archer |
| 20:49 | Create | Villager (Male) |
| 20:59 | Create | Villager (Male) |
| 21:02 | Build | Pasture |
| 21:08 | Create | Scout Cavalry |
| 21:10 | Create | Villager (Male) |
| 21:33 | Create | Villager (Male) |
| 21:47 | Create | Villager (Male) |
| 22:07 | Create | Scout Cavalry |
| 22:09 | Build | Pasture |
| 22:10 | Build | Pasture |
| 22:17 | Create | Villager (Male) |
Match timeline
| 3:31 | TAG_Sitaux · first_building Barracks |
| 4:50 | OS+ | Emil :D · first_building Barracks |
| 6:51 | OS+ | Emil :D · wall_segment Palisade Wall x1 |
| 8:24 | OS+ | Emil :D · wall_segment Palisade Wall x1 |
| 8:55 | OS+ | Emil :D · wall_segment Palisade Wall x1 |
| 8:56 | OS+ | Emil :D · wall_segment Palisade Wall x1 |
| 8:58 | OS+ | Emil :D · age_up feudal |
| 9:08 | TAG_Sitaux · wall_segment Palisade Wall x14 |
| 9:12 | TAG_Sitaux · wall_segment Palisade Wall x1 |
| 9:13 | OS+ | Emil :D · wall_segment Palisade Wall x1 |
| 9:13 | TAG_Sitaux · wall_segment Palisade Wall x1 |
| 9:14 | TAG_Sitaux · wall_segment Palisade Wall x1 |
| 9:15 | OS+ | Emil :D · wall_segment Palisade Wall x1 |
| 9:24 | TAG_Sitaux · wall_segment Palisade Wall x4 |
| 9:50 | TAG_Sitaux · wall_segment Palisade Wall x1 |
| 9:54 | TAG_Sitaux · wall_segment Palisade Wall x1 |
| 9:59 | OS+ | Emil :D · wall_segment Palisade Wall x1 |
| 10:05 | TAG_Sitaux · wall_segment Palisade Wall x1 |
| 10:07 | TAG_Sitaux · wall_segment Palisade Wall x1 |
| 10:12 | TAG_Sitaux · wall_segment Palisade Wall x1 |
| 10:25 | OS+ | Emil :D · first_building Archery Range |
| 11:29 | TAG_Sitaux · age_up feudal |
| 11:34 | OS+ | Emil :D · wall_segment Palisade Wall x1 |
| 11:35 | TAG_Sitaux · first_building Archery Range |
| 12:03 | TAG_Sitaux · wall_segment Palisade Wall x1 |
| 12:28 | TAG_Sitaux · wall_segment Palisade Wall x1 |
| 12:29 | TAG_Sitaux · wall_segment Palisade Wall x1 |
| 12:30 | TAG_Sitaux · wall_segment Palisade Wall x2 |
| 12:31 | TAG_Sitaux · wall_segment Palisade Wall x3 |
| 12:32 | TAG_Sitaux · wall_segment Palisade Wall x1 |
| 12:48 | TAG_Sitaux · wall_segment Palisade Wall x1 |
| 12:49 | OS+ | Emil :D · wall_segment Palisade Wall x1 |
| 12:49 | TAG_Sitaux · wall_segment Palisade Wall x1 |
| 12:54 | TAG_Sitaux · wall_segment Palisade Wall x1 |
| 12:55 | TAG_Sitaux · wall_segment Palisade Wall x1 |
| 12:56 | TAG_Sitaux · wall_segment Palisade Wall x1 |
| 13:21 | TAG_Sitaux · wall_segment Palisade Wall x1 |
| 14:21 | OS+ | Emil :D · wall_segment Palisade Wall x1 |
| 15:00 | OS+ | Emil :D · wall_segment Palisade Wall x5 |
| 17:03 | TAG_Sitaux · wall_segment Palisade Wall x7 |
| 17:48 | TAG_Sitaux · wall_segment Palisade Wall x10 |
| 19:24 | OS+ | Emil :D · first_building Stable |
| 19:49 | TAG_Sitaux · first_market_sell 500 stone |
| 19:50 | TAG_Sitaux · first_market_buy 100 food |
| 19:51 | OS+ | Emil :D · wall_segment Palisade Wall x1 |
| 20:12 | TAG_Sitaux · wall_segment Palisade Wall x6 |
| 20:56 | TAG_Sitaux · first_building Stable |
| 22:35 | TAG_Sitaux · age_up castle |
| 22:41 | OS+ | Emil :D · resign |
[ AI ANALYSIS · 1 CREDIT ]
What really happened in this match?
Wolo.gg analyzes every decision: build order, eco, micro, common mistakes by bracket. Personalized analysis on WhatsApp or Discord in 30 seconds.
Civ guide
Huns
Perfil
Sitaux (TAG_Sitaux)